 Dungeon Crawl Stone Soup version 0.16.1-16-gc44b35d (webtiles) character file.

1366 hulla the Changer (level 8, -3/57 HPs)
             Began as an Octopode Transmuter on Apr 16, 2015.
             Was a Believer of Makhleb.
             Slain by raikaria's ghost (6 damage)
             ... on level 6 of the Dungeon.
             The game lasted 00:42:10 (6517 turns).

hulla the Changer (Octopode Transmuter)             Turns: 6517, Time: 00:42:10

Health: -3/57      AC:  6    Str:  9    XL:     8   Next: 65%
Magic:  16/16      EV:  9    Int: 18    God:    Makhleb [**....]
Gold:   357        SH:  0    Dex: 12    Spells: 4 memorised, 3 levels left

rFire  x . .     SeeInvis .       - Unarmed
rCold  + + +     Clarity  +     (shield currently unavailable)
rNeg   . . .     SustAb   +     (helmet currently unavailable)
rPois  +         Gourm    .     (no amulet)
rElec  .         Spirit   .     c - ring of protection from magic
rCorr  .         Warding  .     D - ring of sustain abilities
rMut   .         Stasis   .     (no ring)
MR     +....                    (no ring)
Stlth  +.........               (no ring)
                                (no ring)
                                (no ring)
                                (no ring)

@: ice-form, heavily drained, somewhat resistant to hostile enchantments, very
unstealthy
A: almost no armour, amphibious, 8 rings, (constrict 8), (camouflage 0),
clarity, frail 1, regeneration 1, (gelatinous body 0)
a: End Transformation, Minor Destruction, Renounce Religion


You were on level 6 of the Dungeon.
You worshipped Makhleb.
Makhleb was pleased with you.
You were not hungry.
You were a creature of crystalline ice.
You visited 2 branches of the dungeon, and saw 7 of its levels.

You collected 357 gold pieces.

Inventory:

Hand weapons
 a - a +0 hunting sling
Missiles
 b - 49 arrows
 l - 97 stones (quivered)
 x - 5 needles of confusion
Jewellery
 c - a ring of protection from magic (left front paw)
 p - an uncursed amulet of regeneration
 D - a ring of sustain abilities (right front paw)
Magical devices
 i - a wand of fireball (2)
 y - a wand of fire (6)
Scrolls
 k - a scroll of magic mapping
 q - 2 scrolls of identify
 r - 6 scrolls of remove curse
 w - 2 scrolls of fear {unknown}
 A - a scroll of teleportation
 B - a scroll of enchant armour
 C - a scroll of random uselessness {unknown}
Potions
 e - 3 potions of restore abilities
 g - a potion of curing
 h - 2 potions of resistance {unknown}
 n - 2 potions of heal wounds
 s - a potion of invisibility {unknown}
 t - a potion of cure mutation
 u - a potion of flight
 z - a potion of berserk rage {unknown}
Books
 d - a book of Changes

   Spells                             Type                      Level
   a - Beastly Appendage              Transmutation                1
   b - Sticks to Snakes               Transmutation                2
   c - Spider Form                    Transmutation/Poison         3
   d - Ice Form                       Ice/Transmutation            4
   e - Blade Hands                    Transmutation                5
Comestibles
 f - a beef jerky
 j - 3 royal jellies
 m - 6 meat rations
 o - a slice of pizza
 E - 7 bread rations


   Skills:
 - Level 4.3(2.3) Fighting
 - Level 2.0(0.0) Dodging
 - Level 3.0(1.0) Unarmed Combat
 + Level 3.3(1.3) Spellcasting
 - Level 6.0(3.8) Transmutations
 * Level 5.9(3.7) Ice Magic
 - Level 3.1(1.1) Poison Magic


You had 3 spell levels left.
You knew the following spells:

 Your Spells              Type           Power        Failure   Level  Hunger
a - Beastly Appendage     Trmt           ##....       4%          1    ##.....
b - Spider Form           Trmt/Pois      ##........   24%         3    ####...
c - Sticks to Snakes      Trmt           ##........   8%          2    ###....
d - Ice Form              Ice/Trmt       ##......     41%         4    #####..


Dungeon Overview and Level Annotations

Branches:
Dungeon (6/15)             Temple (1/1) D:5

Altars:
Cheibriados
Elyvilon
Gozag
Kikubaaqudgha
Makhleb
Nemelex Xobeh
Okawaru
Sif Muna
Trog
Vehumet
Xom
Yredelemnul
Zin

Shops:
D:5 }

Annotations:
D:5 Edmund, Prince Ribbit
D:6 raikaria's ghost, experienced DrIE


Innate Abilities, Weirdness & Mutations

You cannot wear most types of armour.
You are amphibious.
You can wear up to eight rings at the same time.
((You can use your tentacles to constrict many enemies at once.))
((Your skin changes colour to match your surroundings (Stealth).))
((Your rubbery body absorbs attacks (AC +1).))
You possess an exceptional clarity of mind.
You are frail (-10% HP).
Your natural rate of healing is unusually fast.


Message History

There isn't anything to butcher here.
You are feeling hungry.
Eat a chunk of flesh? (ye/n/q/i?) This raw flesh tastes terrible.
You continue eating. x2
There is an open door here.
There is an open door here.
Raikaria's ghost turns its malevolent gaze towards you.
Raikaria's ghost breathes negative energy at you.
The bolt of negative energy hits you!
You feel drained. Raikaria's ghost hits you.
You punch raikaria's ghost! You freeze raikaria's ghost.
Raikaria's ghost is moderately damaged.
Raikaria's ghost breathes negative energy at you.
The bolt of negative energy hits you!
You feel drained.
* * * LOW HITPOINT WARNING * * *
You barely miss raikaria's ghost.
Raikaria's ghost is moderately damaged.
Raikaria's ghost hits you.
You die...

#........######...............
#........#..# #...............
#........'..###....)......#+##
#........#.##.#...........#..#
#........#.'..'.....###...#..'
#........#.##.#.....# #...#..#
#........#.##.#.....# #...#..#
#........#[..W#.....# #...'..#
#........#...Y'.....# #...#.##
#........#....#.>...# #...#.#.
#........#....####### #...#.#.
#........#.....# #...+.#.
#........#.....# #...#.#.
#........#.....# #...#.'.
#........#.....# #...#.#.
#........#.##..# #...#.#.
#........#.##.## #...'.#.


You could see raikaria's ghost.

Vanquished Creatures
  A sky beast (D:4)
  A phantom (D:6)
  2 ogres (D:5)
  A centaur (D:6)
  Sigmund (D:3)
  A giant frog (D:6)
  2 scorpions
  A wight (D:6)
  A goliath beetle (D:5)
  A hound (D:5)
  2 centaur skeletons
  2 crimson imps (D:5)
  Crazy Yiuf (D:5)
  An orc priest (D:5)
  2 iguanas
  2 worker ants (D:6)
  Ijyb (D:6)
  Terence (D:2)
  A hound skeleton (D:4)
  Robin (D:3)
  5 adders
  7 gnolls
  A worker ant zombie (D:6)
  A shadow imp (D:5)
  2 worms
  An adder skeleton (D:6)
  2 oozes
  3 orcs (D:5)
  13 bats
  5 giant cockroaches
  15 goblins
  13 hobgoblins
  8 jackals
  3 quokkas
  3 ball pythons
  4 giant geckos
  7 giant newts
  11 kobolds
  13 rats
  A spectral orc (D:3)
144 creatures vanquished.

Notes
Turn   | Place    | Note
--------------------------------------------------------------
     0 | D:1      | hulla, the Octopode Transmuter, began the quest for the Orb.
     0 | D:1      | Reached XP level 1. HP: 13/13 MP: 3/3
   143 | D:1      | Reached XP level 2. HP: 18/18 MP: 4/4
   492 | D:1      | Gained mutation: You occasionally shout uncontrollably at your foes. [potion of mutation]
   492 | D:1      | Gained mutation: You can breathe flames. [potion of mutation]
   494 | D:1      | Lost mutation: You can breathe flames. [potion of cure mutation]
   494 | D:1      | Lost mutation: You occasionally shout uncontrollably at your foes. [potion of cure mutation]
  1029 | D:1      | Reached XP level 3. HP: 19/23 MP: 6/6
  1040 | D:1      | Learned a level 3 spell: Spider Form
  1043 | D:1      | Learned a level 2 spell: Sticks to Snakes
  1205 | D:2      | Reached skill level 1 in Poison Magic
  1504 | D:2      | Reached XP level 4. HP: 23/28 MP: 3/7
  1883 | D:3      | Noticed Sigmund
  1926 | D:3      | Noticed Terence
  1955 | D:2      | Killed Terence
  1955 | D:2      | Reached skill level 4 in Transmutations
  2044 | D:3      | Noticed Robin
  2235 | D:3      | Killed Robin
  2235 | D:3      | Reached XP level 5. HP: 15/33 MP: 3/9
  2414 | D:3      | Gained mutation: Your natural rate of healing is unusually fast. [potion of mutation]
  2414 | D:3      | Gained mutation: You possess an exceptional clarity of mind. [potion of mutation]
  2414 | D:3      | Gained mutation: You are frail (-10% HP). [potion of mutation]
  2499 | D:3      | Killed Sigmund
  2559 | D:3      | Found a basalt altar of Yredelemnul.
  2775 | D:4      | Reached XP level 6. HP: 35/35 MP: 6/10
  2853 | D:4      | Found a shimmering altar of Xom.
  2935 | D:4      | Noticed a phantom
  3029 | D:4      | Reached skill level 5 in Transmutations
  3079 | D:4      | Found an opulent altar of Gozag.
  3467 | D:5      | Entered Level 5 of the Dungeon
  3467 | D:5      | Found a staircase to the Ecumenical Temple.
  3473 | Temple   | Entered the Ecumenical Temple
  3506 | Temple   | Became a worshipper of Makhleb the Destroyer
  3680 | D:5      | Noticed Edmund
  3823 | D:5      | Reached XP level 7. HP: 38/44 MP: 10/12
  3954 | D:5      | Learned a level 4 spell: Ice Form
  4024 | D:5      | Found Klyohuv's Gadget Emporium.
  4242 | D:5      | Acquired Makhleb's first power
  4242 | D:5      | Reached skill level 1 in Ice Magic
  4798 | D:5      | Noticed Crazy Yiuf
  4805 | D:5      | Killed Crazy Yiuf
  4925 | D:5      | Noticed Prince Ribbit
  4956 | D:5      | Reached skill level 6 in Transmutations
  5176 | D:5      | Found a snail-covered altar of Cheibriados.
  5288 | D:6      | Reached XP level 8. HP: 45/48 MP: 13/13
  5398 | D:6      | Noticed Ijyb
  5420 | D:6      | Killed Ijyb
  5812 | D:6      | Reached skill level 5 in Ice Magic
  5837 | D:6      | Acquired Makhleb's second power
  6255 | D:6      | Noticed raikaria's ghost (experienced DrIE)
  6516 | D:6      | HP: 2/57 [raikaria's ghost/bolt of negative energy (28)]
  6517 | D:6      | Slain by raikaria's ghost

Action                   |  1- 3 |  4- 6 |  7- 9 || total
-------------------------+-------+-------+-------++-------
Melee: Unarmed           |    64 |   198 |   204 ||   466
Throw: Stone             |     4 |     2 |     2 ||     8
 Cast: Beastly Appendage |     8 |     4 |     3 ||    15
       Spider Form       |     3 |    21 |    25 ||    49
       Sticks to Snakes  |       |       |     3 ||     3
       Ice Form          |       |       |     2 ||     2
 Abil: End Transformatio |       |     1 |     4 ||     5
  Use: Potion            |     7 |     1 |     1 ||     9
       Scroll            |     5 |     5 |       ||    10
 Stab: Sleeping          |     3 |     4 |     1 ||     8
       Distracted        |       |     1 |       ||     1
  Eat: Chunk             |     2 |    10 |    15 ||    27
